Map: Acropolis LE

Players

Mez

  • Race: Terran Terran
  • League: Master
  • Spawn Location: 5:00

Joker - Winner!

  • Race: Terran Terran
  • League: Master
  • Spawn Location: 11:00

VOD

Have the link to the VOD?

Description

Time

  • Played on: July 30, 2019, 1:07 p.m.
  • Length: 11:50
Show
View Real Time Build Order
Export as new Build Order

Mez Terran 

Build Orders: Reaper Expand 

Get SALT Encoding   

  12  0:01  SCV  
  13  0:13  SCV  
  14  0:17  Supply Depot  
  14  0:25  SCV  
  15  0:39  SCV  
  15  0:41  Barracks  
  16  0:47  Refinery  
  16  0:51  SCV  
  17  1:03  SCV  
  18  1:15  SCV  
  19  1:29  Reaper, Orbital Command  
  20  1:41  Command Center  
  19  1:58  SCV  
  20  2:01  Barracks  
  20  2:10  Barracks  
  20  2:13  Barracks Reactor  
  20  2:17  Supply Depot  
  20  2:19  SCV  
  21  2:31  SCV  
  22  2:43  SCV  
  23  2:50  Marine  
  23  2:51  Marine  
  25  2:52  Barracks Tech Lab  
  25  2:55  SCV  
  26  2:59  Marine  
  26  3:01  Orbital Command  
  27  3:08  Marine x2  
  28  3:16  Marauder  
  28  3:17  Concussive Shells  
  28  3:18  Marine  
  28  3:19  SCV  
  32  3:26  Marine x2  
  34  3:30  SCV  
  35  3:34  SCV  
  35  3:38  Marine  
  35  3:39  Marauder  
  35  3:57  Marine x2  
  37  4:08  SCV  
  36  4:12  Supply Depot  
  36  4:14  Marine x2  
  36  4:15  Stimpack, Command Center  
  38  4:21  Engineering Bay  
  36  4:32  Marine x4  
  36  4:35  SCV x2  
  36  4:37  Supply Depot  
  42  4:47  SCV x2  
  42  4:49  Marine  
  42  4:50  Terran Infantry Weapons Level 1  
  45  4:55  Factory  
  45  5:04  SCV x2  
  47  5:07  Refinery  
  47  5:09  Refinery, Marine x4  
  51  5:17  Supply Depot  
  51  5:18  SCV x2  
  53  5:28  Orbital Command  
  53  5:30  SCV  
  53  5:34  SCV  
  55  5:39  Marine x3  
  55  5:40  Marine  
  55  5:42  SCV, Starport, Factory Reactor  
  60  5:46  SCV  
  60  5:47  Supply Depot  
  61  5:54  SCV  
  61  5:55  Orbital Command  
  62  6:03  Barracks x2  
  62  6:04  SCV  
  63  6:05  Marine  
  63  6:06  SCV, Marine x3  
  68  6:13  Supply Depot  
  68  6:16  SCV  
  69  6:20  SCV x2  
  69  6:23  Marine x2  
  73  6:28  SCV  
  73  6:32  SCV  
  75  6:34  SCV  
  75  6:36  Barracks Reactor  
  75  6:37  Marine  
  77  6:40  SCV  
  77  6:41  Marine, Supply Depot  
  77  6:43  Engineering Bay, Armory  
  77  6:44  Terran Infantry Armor Level 1  
  79  6:47  Marine  
  79  6:48  Medivac  
  79  6:49  Medivac  
  82  6:55  Barracks Reactor x2, Marine  
  82  6:56  Combat Shield  
  73  7:19  Marine x5  
  73  7:22  SCV x2  
  62  7:26  Medivac x2  
  66  7:34  Marine x4  
  66  7:36  Marine x2  
  66  7:37  Marine x3  
  66  7:47  Orbital Command  
  65  7:52  Marine x4  
  65  7:54  Marine x4  
  65  7:57  Marine  
  72  8:08  Terran Infantry Weapons Level 2  
  72  8:10  Marine x4  
  72  8:12  Marine x4  
  78  8:15  Viking x2  
  78  8:16  Marine  
  78  8:19  Supply Depot  
  82  8:27  Marine  
  82  8:28  Marine x2  
  78  8:38  Orbital Command  
  78  8:46  Marine x2  
  78  8:47  Marine x7  
  85  8:54  SCV x2  
  85  8:55  Medivac x2  
  91  9:02  Terran Infantry Armor Level 2  
  91  9:04  Marine x2  
  91  9:06  SCV x2  
  95  9:16  Marine x7  
  102  9:22  Marine x2  
  102  9:24  SCV x3  
  107  9:33  Marine  
  107  9:34  Marine x4  
  107  9:36  SCV x2  
  107  9:37  Barracks  
  114  9:39  Barracks x2  
  114  9:40  Supply Depot  
  114  9:41  Supply Depot  
  114  9:49  Marine x3  
  117  9:58  SCV  
  117  9:59  SCV x2, Marine x2  
  114  10:08  Marine  
  114  10:09  Marine x6  
  114  10:11  SCV, Medivac x2  
  121  10:17  Marine  
  109  10:22  Marine  
  109  10:26  Marine  
  109  10:27  Marine x3  
  100  10:30  Marine  
  100  10:31  Marine x2  
  100  10:35  Marine  
  96  10:36  Marine  
  96  10:40  Marine  
  96  10:41  Medivac  
  84  10:52  Marine  
  84  10:53  Marine x3  
  84  10:54  Marine x2  
  84  10:55  Marine x2  
  84  10:58  Marine  
  65  11:10  Marine x4  
  66  11:11  Marine  
  66  11:12  Marine x2  
  66  11:13  Marine  
  66  11:17  Marine  
  40  11:28  Marine x2  
Show
View Real Time Build Order
Export as new Build Order

Joker Terran - Winner!

Build Orders:  

Get SALT Encoding   

  12  0:00  SCV  
  13  0:12  SCV  
  14  0:17  Supply Depot  
  14  0:24  SCV  
  14  0:27  Refinery  
  15  0:38  SCV  
  16  0:44  Barracks  
  16  0:51  SCV  
  17  0:58  Refinery  
  17  1:03  SCV  
  18  1:15  SCV  
  19  1:30  Orbital Command  
  19  1:33  Factory  
  19  1:37  Reaper  
  20  1:50  Supply Depot  
  20  1:56  SCV  
  20  2:08  SCV  
  20  2:09  Reaper  
  22  2:17  Hellion  
  22  2:21  SCV  
  25  2:31  Command Center  
  25  2:39  Hellion  
  25  2:41  Reaper  
  25  2:43  SCV  
  29  2:48  Supply Depot  
  29  2:55  SCV  
  29  2:57  Starport  
  30  3:17  Barracks Reactor, Factory Tech Lab  
  30  3:18  SCV  
  30  3:30  SCV  
  31  3:42  SCV, Orbital Command, Factory Tech Lab  
  32  3:54  SCV  
  32  4:07  Raven, SCV  
  32  4:08  Marine x2  
  36  4:10  SCV  
  36  4:13  Refinery  
  36  4:16  Siege Tank  
  40  4:19  SCV  
  40  4:22  SCV  
  42  4:26  Marine x2  
  42  4:31  SCV  
  45  4:34  SCV  
  46  4:39  Command Center  
  46  4:44  Marine x2  
  46  4:45  SCV  
  49  4:46  SCV  
  48  4:57  SCV  
  48  4:58  Raven  
  51  5:02  Cyclone  
  54  5:13  Marine x2  
  54  5:14  SCV x2, Supply Depot  
  58  5:25  Barracks  
  58  5:26  SCV, Barracks  
  58  5:27  Engineering Bay x2, SCV  
  62  5:38  SCV  
  62  5:41  Siege Tank  
  64  5:45  SCV  
  64  5:49  Refinery, Marine, Supply Depot x2  
  66  5:50  Stimpack  
  66  5:56  Viking  
  69  5:58  Viking  
  69  6:02  Orbital Command  
  70  6:05  Terran Infantry Weapons Level 1  
  70  6:08  SCV x2  
  70  6:20  Siege Tank, Marine  
  70  6:21  Barracks Reactor  
  70  6:23  Barracks Reactor  
  74  6:26  SCV x2  
  76  6:37  Viking x2  
  76  6:38  SCV  
  81  6:43  SCV  
  81  6:44  Orbital Command  
  81  6:46  Supply Depot  
  82  6:47  Terran Infantry Armor Level 1  
  82  6:48  Marine  
  82  6:50  SCV  
  84  6:55  SCV  
  85  7:02  Siege Tank  
  85  7:03  SCV, Marine x2  
  85  7:04  Marine x2  
  85  7:05  Marine  
  85  7:07  SCV  
  95  7:15  SCV  
  93  7:19  SCV  
  93  7:22  Marine x4, Medivac  
  94  7:23  Marine, Medivac  
  94  7:27  SCV  
  99  7:37  Siege Tank  
  99  7:39  Marine  
  99  7:40  Marine x2  
  104  7:44  SCV x3  
  107  7:52  Marine  
  107  7:53  Marine  
  107  7:57  Supply Depot  
  109  7:58  Supply Depot  
  109  8:18  Medivac  
  109  8:19  Siege Tank, SCV x3  
  117  8:20  Marine x5  
  117  8:21  Combat Shield  
  117  8:25  Barracks  
  117  8:26  Barracks  
  122  8:27  Armory  
  106  8:44  Marine  
  104  8:52  Marine  
  104  8:53  Marine x2  
  107  8:57  Marine  
  107  8:58  Siege Tank, Medivac x2  
  107  9:00  SCV x2  
  107  9:01  SCV  
  107  9:02  Marine  
  119  9:04  Factory  
  119  9:10  Marine x2  
  119  9:11  Marine  
  119  9:12  SCV x2  
  119  9:13  SCV, Command Center  
  119  9:14  Terran Infantry Weapons Level 2  
  125  9:18  Terran Infantry Armor Level 2  
  125  9:21  Refinery  
  125  9:23  Refinery  
  125  9:25  Barracks Reactor  
  125  10:10  Marine x2  
  125  10:11  SCV, Marine  
  125  10:14  Marine  
  125  10:15  Marine x2  
  125  10:17  Marine x2  
  125  10:18  SCV  
  125  10:19  Medivac x2  
  125  10:20  Siege Tank  
  107  10:28  Marine x2  
  107  10:29  Marine  
  107  10:32  Marine  
  107  10:33  Marine x2  
  107  10:34  Marine  
  107  10:35  Marine  
  88  10:43  SCV  
  88  10:44  SCV  
  88  10:46  Marine x2  
  88  10:47  Marine  
  89  10:50  Marine x2  
  89  10:51  Marine  
  89  10:52  Marine  
  89  10:53  Marine  
  89  10:56  SCV x2  
  96  11:01  Planetary Fortress  
  96  11:04  Marine x3  
  96  11:08  SCV x2, Marine x2  
  96  11:09  Marine  
  102  11:14  Marine x2  
  96  11:20  SCV x2  
  96  11:22  Marine x3  
  101  11:26  Marine x2  
  101  11:27  Marine  
  101  11:31  Marine x2  
  107  11:44  Barracks Reactor  
Tags
 
Add a new tag
Caveats
  • Supply blocks, unpowered buildings, or Contaminate may cause inaccurate times.
  • Supply counts are checked every 10 seconds.